PL
LAS VEGAS FLAMINGOS @ PANAMA CITY PIRANHAS
09/06/2032
 
TOP OF THE 1ST
Las Vegas Flamingos batting - Pitching for Panama City Piranhas : RHP Robinson Suárez
Pitching: RHP Robinson Suárez
Batting: LHB Ruud van Ineveld 0-0: Called Strike
0-1: SINGLE (Line Drive, 4D)
Batting: RHB Sake van Arem 0-0: Ball
1-0: Ball
2-0: SINGLE (Groundball, 56D)
Ruud van Ineveld to second
Batting: RHB Baldomero Avino 0-0: Ball
1-0: Fly out, F4 (Line Drive, 6MD)
Batting: SHB Glyn Bolasky 0-0: Swinging Strike
0-1: Foul Ball, location: 2F
0-2: Foul Ball, location: 2F
0-2: Ball
1-2: Reached on error, E3 (Groundball, 34S)
Ruud van Ineveld to third
Sake van Arem to second
Batting: LHB Victor Adams 0-0: Ball
1-0: Called Strike
1-1: Called Strike
1-2: Fly out, F8 (Line Drive, 8LXD)
Runner from 3rd tags up, SCORES, no throw
Sake van Arem to third
Batting: RHB Ellis Greenham 0-0: Ball
1-0: Foul Ball, location: 2F
1-1: Ball
2-1: Called Strike
2-2: SINGLE (Groundball, 25) (infield hit)
Sake van Arem scores
Glyn Bolasky to second
Batting: RHB Keith Fish 0-0: Fielders Choice at 2nd, 5-4 (Groundball, 5)
Top of the 1st over - 2 runs, 3 hits, 1 error, 2 left on base; Las Vegas 2 - Panama City 0
BOTTOM OF THE 1ST
Panama City Piranhas batting - Pitching for Las Vegas Flamingos : LHP Luis Peña
Pitching: LHP Luis Peña
Batting: RHB Peter Heard 0-0: Fly out, F9 (Flyball, 9D)
Batting: RHB Mike Strickland 0-0: Ball
1-0: Fly out, F4 (Flyball, 4MD)
Batting: RHB Sergio Ortíz 0-0: Foul Ball, location: 2F
0-1: Ball
1-1: Foul Ball, location: 2F
1-2: Ball
2-2: Ball
3-2: Foul Ball, location: 2F
3-2: Base on Balls
Batting: RHB Tak-hing Huang 0-0: Called Strike
0-1: Ball
1-1: Fielders Choice at 2nd, 6-4 (Groundball, 6)
Bottom of the 1st over - 0 runs, 0 hits, 0 errors, 1 left on base; Las Vegas 2 - Panama City 0
TOP OF THE 2ND
Las Vegas Flamingos batting - Pitching for Panama City Piranhas : RHP Robinson Suárez
Batting: RHB Sotaro Sakata 0-0: SINGLE (Groundball, 56D)
Batting: RHB Xavier Hernández 0-0: Ball
1-0: Called Strike
1-1: Ball
2-1: Ball
3-1: Called Strike
3-2: Fly out, F7 (Flyball, 7LSF)
Batting: LHB Ruud van Ineveld 0-0: Foul Ball, location: 2F
0-1: Ball
1-1: Ball
2-1: Fielders Choice at 2nd, 4-6 (Groundball, 4M)
Batting: RHB Sake van Arem 0-0: Swinging Strike
0-1: Foul Ball, location: 2F
0-2: Fly out, F4 (Popup, 34)
Top of the 2nd over - 0 runs, 1 hit, 0 errors, 1 left on base; Las Vegas 2 - Panama City 0
BOTTOM OF THE 2ND
Panama City Piranhas batting - Pitching for Las Vegas Flamingos : LHP Luis Peña
Batting: RHB Micah Coffey 0-0: Ball
1-0: Foul Ball, location: 2F
1-1: Called Strike
1-2: Ball
2-2: Strikes out looking
Batting: RHB Andy Putman 0-0: Ball
1-0: Ball
2-0: Ground out 6-3 (Groundball, 6)
Batting: LHB Chris McKinney 0-0: Ball
1-0: Foul Ball, location: 2F
1-1: Foul Ball, location: 2F
1-2: Ground out 4-3 (Groundball, 34D)
Bottom of the 2nd over - 0 runs, 0 hits, 0 errors, 0 left on base; Las Vegas 2 - Panama City 0
TOP OF THE 3RD
Las Vegas Flamingos batting - Pitching for Panama City Piranhas : RHP Robinson Suárez
Batting: RHB Baldomero Avino 0-0: Ground out 6-3 (Groundball, 6D)
Batting: SHB Glyn Bolasky 0-0: Called Strike
0-1: Called Strike
0-2: Strikes out swinging
Batting: LHB Victor Adams 0-0: Ground out 4-3 (Groundball, 4)
Top of the 3rd over - 0 runs, 0 hits, 0 errors, 0 left on base; Las Vegas 2 - Panama City 0
BOTTOM OF THE 3RD
Panama City Piranhas batting - Pitching for Las Vegas Flamingos : LHP Luis Peña
Batting: RHB Leo Cadden 0-0: Called Strike
0-1: Swinging Strike
0-2: Strikes out swinging
Batting: RHB Raúl Ortíz 0-0: Ball
1-0: Ground out 4-3 (Groundball, 4MS)
Batting: RHB Peter Heard 0-0: Ball
1-0: Ground out 4-3 (Groundball, 4M)
Bottom of the 3rd over - 0 runs, 0 hits, 0 errors, 0 left on base; Las Vegas 2 - Panama City 0
TOP OF THE 4TH
Las Vegas Flamingos batting - Pitching for Panama City Piranhas : RHP Robinson Suárez
Batting: RHB Ellis Greenham 0-0: Ball
1-0: Called Strike
1-1: Ball
2-1: Ground out 5-3 (Groundball, 56S)
Batting: RHB Keith Fish 0-0: Ball
1-0: Ball
2-0: Ground out 3-1 (Groundball, 34)
Batting: RHB Sotaro Sakata 0-0: Ball
1-0: Ball
2-0: SINGLE (Line Drive, 56D)
Batting: RHB Xavier Hernández 0-0: Ball
1-0: Ball
2-0: SINGLE (Groundball, 6M) (infield hit)
Sotaro Sakata to second
Batting: LHB Ruud van Ineveld 0-0: Ball
1-0: Ball
2-0: Fly out, F8 (Flyball, 89D)
Top of the 4th over - 0 runs, 2 hits, 0 errors, 2 left on base; Las Vegas 2 - Panama City 0
BOTTOM OF THE 4TH
Panama City Piranhas batting - Pitching for Las Vegas Flamingos : LHP Luis Peña
Batting: RHB Mike Strickland 0-0: Ball
1-0: Foul Ball, location: 2F
1-1: Ground out 4-3 (Groundball, 34)
Batting: RHB Sergio Ortíz 0-0: Fly out, F8 (Flyball, 8RD)
Batting: RHB Tak-hing Huang 0-0: Ball
1-0: Ball
2-0: Called Strike
2-1: Foul Ball, location: 2F
2-2: Foul Ball, location: 2F
2-2: SINGLE (Groundball, 56D)
Batting: RHB Micah Coffey 0-0: Ball
1-0: Ball
2-0: Ball
3-0: Base on Balls
Tak-hing Huang to second
Batting: RHB Andy Putman 0-0: Ball
Passed Ball!
Tak-hing Huang to third
Micah Coffey to second
1-0: Foul Ball, location: 2F
1-1: Foul Ball, location: 2F
1-2: Ground out 5-3 (Groundball, 56S)
Bottom of the 4th over - 0 runs, 1 hit, 0 errors, 2 left on base; Las Vegas 2 - Panama City 0
TOP OF THE 5TH
Las Vegas Flamingos batting - Pitching for Panama City Piranhas : RHP Robinson Suárez
Batting: RHB Sake van Arem 0-0: Called Strike
0-1: Ball
1-1: Called Strike
1-2: Ball
2-2: Ball
3-2: Base on Balls
Batting: RHB Baldomero Avino 0-0: Fly out, F7 (Flyball, 7S)
Batting: SHB Glyn Bolasky 0-0: Ball
Sake van Arem steals 2nd base
1-0: Called Strike
1-1: Ground out 4-3 (Groundball, 4)
Sake van Arem to third
Batting: LHB Victor Adams 0-0: Ball
1-0: Ball
2-0: Ball
3-0: Swinging Strike
3-1: Called Strike
3-2: Foul Ball, location: 2F
3-2: Base on Balls
Batting: RHB Ellis Greenham 0-0: Called Strike
0-1: Ball
1-1: Single, Error in OF, E7, batter to second base
Sake van Arem scores
Victor Adams to third
Batting: RHB Keith Fish 0-0: Ball
1-0: Foul Ball, location: 2F
1-1: Reached on error, E3 (Groundball, 34S)
Victor Adams scores
Ellis Greenham scores
Batting: RHB Sotaro Sakata 0-0: Foul Ball, location: 2F
0-1: Ball
1-1: Ball
2-1: Called Strike
2-2: Strikes out swinging
Top of the 5th over - 3 runs, 1 hit, 2 errors, 1 left on base; Las Vegas 5 - Panama City 0
BOTTOM OF THE 5TH
Panama City Piranhas batting - Pitching for Las Vegas Flamingos : LHP Luis Peña
Batting: LHB Chris McKinney 0-0: Foul Ball, location: 2F
0-1: Fly out, F8 (Flyball, 8RS)
Batting: RHB Leo Cadden 0-0: Ball
1-0: Ball
2-0: Ground out 5-3 (Groundball, 56D)
Batting: RHB Raúl Ortíz 0-0: Fly out, F7 (Line Drive, 7S)
Bottom of the 5th over - 0 runs, 0 hits, 0 errors, 0 left on base; Las Vegas 5 - Panama City 0
TOP OF THE 6TH
Las Vegas Flamingos batting - Pitching for Panama City Piranhas : RHP Robinson Suárez
Batting: RHB Xavier Hernández 0-0: Swinging Strike
0-1: Swinging Strike
0-2: Ball
1-2: Foul Ball, location: 2F
1-2: Ball
2-2: Strikes out swinging
Batting: LHB Ruud van Ineveld 0-0: Fly out, F2 (Popup, 25F)
Batting: RHB Sake van Arem 0-0: Ball
1-0: SINGLE (Groundball, 6M) (infield hit)
Batting: RHB Baldomero Avino 0-0: Ball
1-0: Called Strike
1-1: Called Strike
1-2: Ball
Sake van Arem steals 2nd base
2-2: Foul Ball, location: 2F
2-2: Fly out, F8 (Flyball, 8LXD)
Top of the 6th over - 0 runs, 1 hit, 0 errors, 1 left on base; Las Vegas 5 - Panama City 0
BOTTOM OF THE 6TH
Panama City Piranhas batting - Pitching for Las Vegas Flamingos : LHP Luis Peña
Batting: RHB Peter Heard 0-0: Foul Ball, location: 2F
0-1: Ball
1-1: Called Strike
1-2: Foul Ball, location: 2F
1-2: SINGLE (Groundball, 56D)
Batting: RHB Mike Strickland 0-0: Foul Ball, location: 2F
0-1: Called Strike
0-2: Ball
1-2: Strikes out swinging
Batting: RHB Sergio Ortíz 0-0: Ball
Peter Heard is caught stealing 2nd base
1-0: Ball
2-0: Foul Ball, location: 2F
2-1: Ball
3-1: Ground out 4-3 (Groundball, 4)
Bottom of the 6th over - 0 runs, 1 hit, 0 errors, 0 left on base; Las Vegas 5 - Panama City 0
TOP OF THE 7TH
Las Vegas Flamingos batting - Pitching for Panama City Piranhas : RHP Robinson Suárez
Pitching: RHP José Alaniz
Batting: SHB Glyn Bolasky 0-0: Called Strike
0-1: Foul Ball, location: 2F
0-2: Ball
1-2: Ball
2-2: Foul Ball, location: 2F
2-2: Ball
3-2: Foul Ball, location: 2F
3-2: SINGLE (Groundball, 4M) (infield hit)
Batting: LHB Victor Adams 0-0: Swinging Strike
0-1: Called Strike
0-2: Ball
1-2: Grounds into double play, 4-6-3 (Groundball, 34)
Batting: RHB Ellis Greenham 0-0: Ball
1-0: Called Strike
1-1: Foul Ball, location: 2F
1-2: Strikes out swinging, 2-3 out at first.
Top of the 7th over - 0 runs, 1 hit, 0 errors, 0 left on base; Las Vegas 5 - Panama City 0
BOTTOM OF THE 7TH
Panama City Piranhas batting - Pitching for Las Vegas Flamingos : LHP Luis Peña
Batting: RHB Tak-hing Huang 0-0: Ball
1-0: Ball
2-0: Swinging Strike
2-1: Called Strike
2-2: Strikes out swinging
Batting: RHB Micah Coffey 0-0: Called Strike
0-1: Ball
1-1: Foul Ball, location: 2F
1-2: Strikes out swinging
Batting: RHB Andy Putman 0-0: Ball
1-0: Called Strike
1-1: Fly out, F9 (Line Drive, 9)
Bottom of the 7th over - 0 runs, 0 hits, 0 errors, 0 left on base; Las Vegas 5 - Panama City 0
TOP OF THE 8TH
Las Vegas Flamingos batting - Pitching for Panama City Piranhas : RHP José Alaniz
Batting: RHB Keith Fish 0-0: Ground out 4-3 (Groundball, 34D)
Batting: RHB Sotaro Sakata 0-0: Swinging Strike
0-1: Ball
1-1: Ball
2-1: DOUBLE (Line Drive, 8RXD)
Batting: RHB Xavier Hernández 0-0: Called Strike
0-1: Ball
1-1: Ground out 6-3 (Groundball, 6)
Batting: LHB Ruud van Ineveld 0-0: Swinging Strike
0-1: Ball
1-1: Foul Ball, location: 2F
1-2: Ball
2-2: DOUBLE (Groundball, 3L)
Sotaro Sakata scores
Batting: RHB Sake van Arem 0-0: Ground out U3 (Groundball, 34S)
Top of the 8th over - 1 run, 2 hits, 0 errors, 1 left on base; Las Vegas 6 - Panama City 0
BOTTOM OF THE 8TH
Panama City Piranhas batting - Pitching for Las Vegas Flamingos : LHP Luis Peña
Batting: LHB Chris McKinney 0-0: Ground out U3 (Groundball, 3)
Batting: RHB Leo Cadden 0-0: Ball
1-0: Ball
2-0: Ball
3-0: Base on Balls
Batting: RHB Raúl Ortíz 0-0: Ball
1-0: Swinging Strike
1-1: Fly out, F3 (Popup, 34)
Batting: RHB Peter Heard 0-0: Called Strike
0-1: Ball
1-1: Foul Ball, location: 2F
1-2: Foul Ball, location: 2F
1-2: Ball
2-2: Strikes out swinging
Bottom of the 8th over - 0 runs, 0 hits, 0 errors, 1 left on base; Las Vegas 6 - Panama City 0
TOP OF THE 9TH
Las Vegas Flamingos batting - Pitching for Panama City Piranhas : RHP José Alaniz
Batting: RHB Baldomero Avino 0-0: Called Strike
0-1: Ball
1-1: Swinging Strike
1-2: Foul Ball, location: 2F
1-2: Foul Ball, location: 2F
1-2: Ball
2-2: SINGLE (Groundball, 56D)
Batting: SHB Glyn Bolasky 0-0: SINGLE (Line Drive, 3D)
Baldomero Avino to second
Runner from 2nd tries for 3rd, SAFE, throw made to third
Now in RF: Juan Martínez
Batting: LHB Victor Adams 0-0: Called Strike
0-1: Ball
1-1: Reached on error, E6 (Groundball, 6)
Baldomero Avino scores
Glyn Bolasky to second
Batting: RHB Ellis Greenham 0-0: Swinging Strike
0-1: Swinging Strike
0-2: Strikes out swinging
Batting: RHB Keith Fish 0-0: Called Strike
0-1: Grounds into double play, 6-4-3 (Groundball, 6)
Top of the 9th over - 1 run, 2 hits, 1 error, 1 left on base; Las Vegas 7 - Panama City 0
BOTTOM OF THE 9TH
Panama City Piranhas batting - Pitching for Las Vegas Flamingos : LHP Luis Peña
Batting: RHB Mike Strickland 0-0: SINGLE (Line Drive, 56)
Batting: RHB Sergio Ortíz 0-0: Called Strike
0-1: Foul Ball, location: 2F
0-2: Ball
1-2: Strikes out looking
Pitching: RHP Cris Herrera
Batting: RHB Tak-hing Huang 0-0: Called Strike
0-1: Ball
1-1: Ball
2-1: Called Strike
2-2: Strikes out swinging
Batting: RHB Micah Coffey 0-0: Called Strike
0-1: Ball
1-1: Ball
2-1: Ball
3-1: SINGLE (Groundball, 56D)
Mike Strickland to second
Batting: RHB Andy Putman 0-0: Foul Ball, location: 2F
0-1: Foul Ball, location: 2F
0-2: Ball
1-2: Strikes out looking
Bottom of the 9th over - 0 runs, 2 hits, 0 errors, 2 left on base; Las Vegas 7 - Panama City 0
Wednesday, September 19th, 2018 - OOTP Baseball 18.8 Build 76